AoeStats
← bnb92110

Arena

507076709Analyzed
3v3 RM · 15d ago on Sep 16, 2026· 48m 2s· 6 players
Game mode
Random Map
Map size
Normal (6 player)
Population
200
Speed
Normal
Resources
Standard
Victory
Conquest
Starting age
Dark Age
Ending age
Imperial Age
RankedLock teamsTeams togetherTeam positionsShared explorationLock speedFull tech treeHidden civsTurbo modeCheats
Victory
Defeat
🇨🇳 Bohemians · China
919
+11
🇫🇮 Burgundians · Finland
867
+12
🇩🇪 Khmer · Germany
865
+12
🇹🇼 Teutons · Taiwan
805
-12
🇹🇼 Romans · Taiwan
799
-16
🇹🇼 Poles · Taiwan
781
-19
Katze Aus Kasachstan
10:00 Feudal Age
10:28 Double-Bit Axe
10:39 Horse Collar
12:00 Stone Mining
17:20 Castle Age
16:31 Gold Mining
17:25 Town Watch
18:06 Heavy Plow
18:18 Bow Saw
19:10 Stone Shaft Mining
22:28 Gold Shaft Mining
23:45 Wheelbarrow
31:05 Imperial Age
29:32 Hand Cart
29:57 Forging
29:38 Fletching
29:48 Padded Archer Armor
31:33 Iron Casting
31:48 Masonry
31:40 Elite Ballista Elephant
34:07 Leather Archer Armor
33:47 Bodkin Arrow
34:55 Blast Furnace
35:50 Conscription
37:00 Ring Archer Armor
36:30 Bracer
36:38 Scale Barding Armor
36:33 Scale Mail Armor
36:43 Double Crossbow
37:02 Elite Battle Elephant
37:46 Husbandry
37:57 Bloodlines
40:22 Chain Mail Armor
40:27 Chain Barding Armor
41:04 Hoardings
42:04 Chemistry
41:35 Architecture
41:01 Murder Holes
42:57 Plate Barding Armor
44:41 Fortified Wall
Vesapati
10:17 Feudal Age
15:19 Castle Age
32:36 Double-Bit Axe
47:28 Bow Saw
47:10 Gold Mining
47:10 Stone Mining
2579439892
11:35 Feudal Age
14:35 Double-Bit Axe
14:34 Horse Collar
21:28 Castle Age
23:02 Heavy Plow
23:15 Bow Saw
28:42 Imperial Age
28:30 Chemistry
28:18 Forging
28:09 Scale Mail Armor
27:33 Pikeman
28:14 Squires
28:46 Halberdier
32:32 Two-Man Saw
32:28 Wheelbarrow
33:34 Chain Mail Armor
35:43 Hand Cart
37:58 Iron Casting
41:34 Plate Mail Armor
42:04 Blast Furnace
46:58 Houfnice
臭老豬223
5:40 Loom
10:56 Feudal Age
12:27 Town Watch
13:20 Fletching
13:31 Scale Mail Armor
13:27 Double-Bit Axe
15:54 Wheelbarrow
16:06 Horse Collar
23:40 Castle Age
22:36 Arson
22:12 Man-at-Arms
23:55 Forging
23:52 Scale Barding Armor
25:05 Pikeman
25:53 Squires
26:12 Gambesons
25:49 Long Swordsman
26:41 Bloodlines
30:31 Town Patrol
33:02 Hand Cart
33:08 Hand Cart
33:51 Iron Casting
33:13 Bodkin Arrow
33:44 Gold Mining
33:55 Heavy Plow
35:55 Bow Saw
41:53 Imperial Age
40:47 Stone Mining
42:01 Ballistics
41:53 Masonry
41:36 Guard Tower
42:28 Ironclad
42:35 Ironclad
44:33 Blast Furnace
43:48 Chain Mail Armor
43:54 Chain Barding Armor
45:20 Two-Man Saw
44:51 Crop Rotation
44:59 Stone Shaft Mining
46:46 Plate Mail Armor
46:22 Halberdier
48:03 Padded Archer Armor
49:08 Chemistry
bnb92110
11:21 Feudal Age
17:21 Castle Age
16:13 Forging
16:28 Arson
16:42 Double-Bit Axe
16:39 Horse Collar
19:06 Husbandry
19:16 Bloodlines
19:22 Light Cavalry
21:08 Scale Barding Armor
21:45 Iron Casting
21:11 Scale Mail Armor
21:33 Bow Saw
21:34 Heavy Plow
32:50 Imperial Age
30:46 Chain Barding Armor
30:41 Chain Mail Armor
35:18 Plate Mail Armor
35:49 Blast Furnace
34:36 Cavalier
34:39 Winged Hussar
36:06 Szlachta Privileges
38:05 Crop Rotation
39:57 Wheelbarrow
45:10 Padded Archer Armor
45:01 Fletching
46:38 Thumb Ring
45:55 Heavy Cavalry Archer
45:58 Crossbowman
你家失火
11:49 Feudal Age
17:00 Castle Age
15:39 Double-Bit Axe
19:59 Bow Saw
21:14 Horse Collar
21:50 Stone Mining
25:29 Wheelbarrow
25:21 Gold Mining
31:26 Imperial Age
30:53 Heavy Plow
31:33 Gold Shaft Mining
31:01 Scale Mail Armor
30:55 Man-at-Arms
32:04 Pikeman
32:59 Long Swordsman
33:11 Heavy Scorpion
34:41 Chain Mail Armor
34:36 Forging
35:21 Halberdier
38:19 Hand Cart
Connection lost

Rejoining the realm…

Still unreachable

The connection could not be restored.

Session expired

The server has moved on; the page needs a fresh start.